 Dungeon Crawl Stone Soup version 0.31-a0-1144-g99969ba1bc (webtiles) character file.

Game seed: 5832177020671243927

151 Inarius the Chopper (level 5, -1/41 HPs)
             Began as a Demonspawn Fighter on Dec 6, 2023.
             Slain by a gnoll
             ... wielding a +0 halberd
              (6 damage)
             ... on level 4 of the Dungeon.
             The game lasted 00:02:57 (2468 turns).

Inarius the Chopper (Demonspawn Fighter)            Turns: 2468, Time: 00:02:58

Health: -1/41      AC:  8    Str: 19    XL:     5   Next: 11%
Magic:  5/5        EV:  5    Int:  8    God:
Gold:   205        SH:  0    Dex: 12    Spells: 4/4 levels left

rFire   . . .        a - +0 war axe
rCold   . . .        c - +0 buckler
rNeg    . . .        b - +0 scale mail
rPois   .            (no helmet)
rElec   .            (no cloak)
rCorr   .            h - +0 pair of gloves
SInv    .            (no boots)
Will    .....        (no amulet) Stlth
                     (no ring)
HPRegen 0.26/turn    (no ring)
MPRegen 0.18/turn

%: no passive effects
@: held
A: ignite blood 2, magic regeneration
a: no special abilities


You were on level 4 of the Dungeon.
You visited 1 branch of the dungeon, and saw 4 of its levels.

You collected 205 gold pieces.

Inventory:

Hand Weapons
 a - a +0 war axe (weapon)
Armour
 b - a +0 scale mail (worn)
 c - a +0 buckler (worn)
 h - a +0 pair of gloves (worn)
Scrolls
 g - a scroll of enchant armour {unknown}
 j - a scroll of torment {unknown}
 m - a scroll of poison {unknown}
 n - a scroll of identify {unknown}
Potions
 d - 2 potions of might
 e - 3 potions of haste {unknown}
 f - 2 potions of resistance {unknown}
 i - a potion of heal wounds {unknown}
 k - a potion of ambrosia {unknown}
 l - 2 potions of curing {unknown}


   Skills:
 + Level 3.6 Fighting
 * Level 3.8 Axes
 + Level 3.2 Armour
 + Level 3.1 Shields


You had 4 spell levels left.
You didn't know any spells.
Your spell library was empty.

Dungeon Overview and Level Annotations

Branches:
Dungeon (4/15)
 Temple: D:4-7

Altars:
Ru
Xom

Shops:
D:2 (


Innate Abilities, Weirdness & Mutations

Your demonic aura often causes spilled blood to erupt in flames.
You regenerate magic rapidly.


Message History

The orc shouts!
The gnoll barely misses you.
A gnoll comes into view.
It is wielding a +0 flail and quivering 2 throwing nets.
Found a scroll labelled HUOTUIRPHUD.
The gnoll shouts!
You hear a shout!
The gnoll hits you with a +0 halberd!
You hit the gnoll.
The gnoll is heavily wounded.
A kobold comes into view. It is wielding a +0 whip.
The gnoll hits you with a +0 halberd! x2
You are too injured to fight recklessly!
You are too injured to fight recklessly!
You are too injured to fight recklessly!
You are too injured to fight recklessly!
You are too injured to fight recklessly!
You are too injured to fight recklessly!
You are too injured to fight recklessly!
You are too injured to fight recklessly!
You are too injured to fight recklessly!
You are too injured to fight recklessly!
You are too injured to fight recklessly!
You are too injured to fight recklessly!
You are too injured to fight recklessly!
You are too injured to fight recklessly!
Unknown command.
The gnoll closely misses you. The gnoll attacks as it pursues you!
The gnoll barely misses you.
The gnoll throws a throwing net.
The throwing net hits you.
You become entangled in the net!
You see here a throwing net.
You struggle against the net.
You struggle against the net.
The gnoll hits you from afar with a +0 halberd.
You struggle against the net.
The gnoll hits you from afar with a +0 halberd!
* * * LOW HITPOINT WARNING * * *
The orc completely misses you.
You struggle against the net.
The gnoll hits you from afar with a +0 halberd.
You die...

#.###.### ...~~. #.......#
....K. #.#.#.#.# ......
#...###.# ..g.. ###.###.## ...
#......##### ##########.#
#.....#....# #..gK......#
#.###.#..#.####...########
..............@og...########.#
..
########.########..........# .
#.# #.#.######## #.# #...#
##.## #..## +#...#+ #..#
#####.....######..#
.................##
#...........###.#


You could see 2 gnolls, an orc and a kobold.

Vanquished Creatures
  5 adders
  2 gnolls (D:4)
  2 worms
  3 dart slugs
  An orc (D:3)
  7 ball pythons
  6 endoplasms
  7 giant cockroaches
  7 goblins
  6 hobgoblins
  3 jackals (D:1)
  2 quokkas
  8 bats
  4 frilled lizards
  3 kobolds
  5 rats
71 creatures vanquished.

Notes
Turn   | Place    | Note
-------+----------+-------------------------------------------
     0 | D:1      | Inarius the Demonspawn Fighter began the quest for the Orb.
     0 | D:1      | Reached XP level 1. HP: 18/18 MP: 1/1
    76 | D:1      | Gained mutation: Your demonic aura sometimes causes spilled
                  | blood to erupt in flames. [demonic ancestry]
    76 | D:1      | Reached XP level 2. HP: 23/24 MP: 2/2
   485 | D:1      | Gained mutation: You regenerate magic rapidly. [demonic
                  | ancestry]
   485 | D:1      | Reached XP level 3. HP: 29/29 MP: 3/3
   926 | D:2      | Found Siw Due's Weapon Shoppe.
   946 | D:2      | Reached XP level 4. HP: 17/35 MP: 4/4
  1590 | D:3      | Found a sacrificial altar of Ru.
  1632 | D:3      | Found a faded altar of an unknown god.
  1858 | D:3      | Found a shimmering altar of Xom.
  2192 | D:4      | Noticed a sky beast
  2279 | D:4      | Gained mutation: Your demonic aura often causes spilled
                  | blood to erupt in flames. [demonic ancestry]
  2279 | D:4      | Reached XP level 5. HP: 41/41 MP: 5/5
  2468 | D:4      | Slain by a gnoll

Illustrated notes

Levels and vault maps discovered:
D:1:      ldierk_walled_garden_2, layout_basic, minmay_pentomino_r2
D:2:      layout_loops_ring, serial_shops, shop_fountains, serial_bayou_pond_a,
          minmay_pentomino_pile
D:3:      layout_basic, marbit_many_paths, mainiacjoe_overflow_catwalk_spiral,
          shapermc_ecumenical_altar_mp_highgroup, kennysheep_big_empty_room,
          nicolae_titane
D:4:      cheibrodos_helix_gallery, layout_loops_ring, minmay_pentangle

Skill      XL: |  1  2  3 |
---------------+----------+-----
Axes           | 2 3 |  3.8
Armour         | 3 |  3.2
Shields        | 3 |  3.1
Fighting       | |  3.6

Action                     |  1- 3 |  4- 6 || total
---------------------------+-------+-------++-------
  Melee: War axe           |   119 |    82 ||   201
 Armour: Scale mail        |    91 |    50 ||   141
  Dodge: Dodged            |    55 |    36 ||    91
  Block: Buckler           |    24 |    20 ||    44

Table legend: (Time is in decaauts)
 A = Elapsed time spent in this place.
 B = Non-inter-level travel time spent in this place.
 C = Inter-level travel time spent in this place.
 D = Time resting spent in this place.
 E = Time spent auto-exploring this place.
 F = Levels seen in this place.
 G = Mean time per level.
                   A        B        C        D        E       F      G
               +--------+--------+--------+--------+--------+-----+--------+
         Total |   2546 |   2427 |    119 |     70 |   1793 |   4 |  636.5 |
       Dungeon |   2546 |   2427 |    119 |     70 |   1793 |   4 |  636.5 |
               +--------+--------+--------+--------+--------+-----+--------+

Top non-repeatable levels by time:
     D:3: 880 daAuts
     D:2: 817 daAuts
     D:1: 557 daAuts
     D:4: 290 daAuts
